 Dungeon Crawl Stone Soup version 0.27.1-33-g824d729ab1 (webtiles) character file.

Game seed: 14127640123765183829

366 styxcanada the Covert (level 6, -12/32 HPs)
             Began as a Spriggan Brigand on Dec 12, 2021.
             Mangled by a yak (13 damage)
             ... on level 4 of the Dungeon.
             The game lasted 00:11:46 (3418 turns).

styxcanada the Covert (Spriggan Brigand)            Turns: 3418, Time: 00:11:47

Health: -12/32     AC:  3    Str:  7    XL:     6   Next: 40%
Magic:  7/7        EV: 18    Int: 13    God:
Gold:   103        SH:  0    Dex: 18    Spells: 5/5 levels left

rFire    + . .     SeeInvis +   m - +0 dagger (venom)
rCold    . . .     Faith    .   (shield restricted)
rNeg     . . .     Spirit   .   b - +0 robe
rPois    .         Reflect  .   (helmet restricted)
rElec    .         Harm     .   c - +0 cloak
rCorr    .         Rampage  .   (gloves unavailable)
Will     +....                  (boots unavailable)
Stlth    ++++......             (no amulet)
HPRegen  0.10/turn              i - ring of protection from fire
MPRegen  0.10/turn              (no ring)

@: very quick
A: very small, no large weapons, unfitting armour, see invisible, speed 3
a: no special abilities


You were on level 4 of the Dungeon.
You visited 1 branch of the dungeon, and saw 4 of its levels.

You collected 103 gold pieces.

Inventory:

Hand Weapons
 a - a +2 dagger
 j - a +0 hunting sling
 m - a +0 dagger of venom (weapon)
 v - a +2 quarterstaff of chaos
Missiles
 d - 10 poisoned darts (quivered)
 e - a curare-tipped dart
 f - 160 stones
 h - 37 sling bullets
 k - 7 boomerangs
Armour
 b - a +0 robe (worn)
 c - a +0 cloak (worn)
 x - a +1 robe of willpower
Jewellery
 i - a ring of protection from fire (left hand)
Scrolls
 l - a scroll of identify {unknown}
 p - a scroll of blinking {unknown}
 q - a scroll of amnesia {unknown}
 r - a scroll of teleportation {unknown}
 s - a scroll of fog {unknown}
 t - a scroll of magic mapping {unknown}
Potions
 g - a potion of heal wounds {unknown}
 n - a potion of degeneration {unknown}
 o - a potion of might {unknown}
 u - a potion of flight {unknown}
 w - a potion of mutation {unknown}


   Skills:
 * Level 2.6 Fighting
 + Level 3.3 Short Blades
 + Level 0.4(1.9) Slings
 + Level 2.4 Throwing
 * Level 3.3 Dodging
 * Level 9.4 Stealth


You had 5 spell levels left.
You didn't know any spells.
Your spell library was empty.

Dungeon Overview and Level Annotations

Branches:
Dungeon (4/15)
 Temple: D:4-7

Altars:
Okawaru
Sif Muna

Shops:
D:1 ?(


Innate Abilities, Weirdness & Mutations

You are very small and have problems with some larger weapons.
You are too small for most types of armour.
You have supernaturally acute eyesight. (SInv)
You cover ground extremely quickly. (Speed+++)


Message History

The yak looks as sick as possible!
The yak is moderately wounded.
You hit the yak but do no damage.
The yak looks as sick as possible!
The yak is moderately wounded.
The yak barely misses you.
The yak bellows!
You hit the yak but do no damage.
The yak is heavily wounded.
The yak barely misses you.
You hit the yak but do no damage.
The yak is heavily wounded.
The yak gores you!
You completely miss the yak.
The yak is heavily wounded.
The yak gores you!
You hit the yak but do no damage.
The yak is heavily wounded.
The yak barely misses you.
You hit the yak but do no damage.
The yak looks as sick as possible!
The yak is heavily wounded.
You hit the yak but do no damage.
The yak is poisoned.
You hit the yak.
The yak looks as sick as possible!
The yak is lightly wounded.
The yak closely misses you.
You hit the yak but do no damage.
The yak looks as sick as possible!
The yak is lightly wounded.
You hit the yak but do no damage.
The yak looks as sick as possible!
The yak is moderately wounded.
The yak misses you.
You closely miss the yak.
The yak is moderately wounded.
The yak barely misses you.
You hit the yak but do no damage.
The yak is moderately wounded.
The yak gores you!
* * * LOW HITPOINT WARNING * * *
You hit the yak but do no damage.
The yak looks as sick as possible!
The yak is moderately wounded.
The yak gores you!
You die...

######.##.....# #
#....#...#.#
#####..###...#.#
#†......Z......
##.###........#
...###........#
.....#........#
####Y.......ZY#####
###......SYYY@.#
#.....######.......
####### #####..


You could see 4 yaks, a ball python and an adder skeleton.

Vanquished Creatures
  Sigmund (D:3)
  A hound (D:4)
  Crazy Yiuf (D:3)
  Terence (D:2)
  Robin (D:3)
  An adder (D:3)
  A river rat (D:3)
  2 worms (D:3)
  2 dart slugs
  An orc (D:2)
  6 endoplasms
  4 giant cockroaches (D:3)
  8 hobgoblins
  11 jackals (D:1)
  7 kobolds
  5 ball pythons
  7 bats
  3 frilled lizards
  15 goblins
  7 rats
85 creatures vanquished.

Notes
Turn   | Place    | Note
-------+----------+-------------------------------------------
     0 | D:1      | styxcanada the Spriggan Brigand began the quest for the
                  | Orb.
     0 | D:1      | Reached XP level 1. HP: 10/10 MP: 2/2
    16 | D:1      | Reached skill level 6 in Stealth
    87 | D:1      | Reached XP level 2. HP: 8/15 MP: 3/3
   226 | D:1      | Found Jicuucai's Magic Scroll Shoppe.
   285 | D:1      | Found Zudoz's Antique Weapon Boutique.
   733 | D:1      | Reached XP level 3. HP: 18/18 MP: 4/4
   779 | D:1      | Reached skill level 7 in Stealth
   998 | D:1      | Found an iron altar of Okawaru.
  1458 | D:2      | Found a shimmering blue altar of Sif Muna.
  1512 | D:2      | Noticed Terence
  1530 | D:2      | Killed Terence
  1531 | D:2      | Reached XP level 4. HP: 14/23 MP: 5/5
  2291 | D:3      | Noticed Sigmund
  2338 | D:3      | Killed Sigmund
  2339 | D:3      | Reached skill level 8 in Stealth
  2339 | D:3      | Reached XP level 5. HP: 14/27 MP: 6/6
  2524 | D:3      | Found a runed translucent door.
  2525 | D:3      | Noticed Crazy Yiuf
  2548 | D:3      | Killed Crazy Yiuf
  2549 | D:3      | Reached skill level 9 in Stealth
  2549 | D:3      | Reached XP level 6. HP: 32/32 MP: 7/7
  2602 | D:3      | Noticed Robin
  2665 | D:3      | Killed Robin
  3373 | D:4      | Noticed a yak
  3373 | D:4      | Noticed a yak
  3375 | D:4      | Noticed a yak
  3377 | D:4      | Noticed a yak
  3417 | D:4      | HP: 1/32 [yak (11)]
  3418 | D:4      | Mangled by a yak

Illustrated notes

Levels and vault maps discovered:
D:1:      tarquinn_simple_flora_water_e, layout_basic, serial_shops,
          shop_statue, nicolae_diamond_shop, kennysheep_flooded_box
D:2:      layout_basic, basic_altar, uniq_terence
D:3:      layout_rooms, gup_sewer_entry_spiral, minmay_unequal,
          uniq_crazy_yiuf_cottage, uniq_robin, uniq_sigmund
D:4:      kennysheep_goblin_castle, layout_rooms, uniq_pikel

Skill      XL: |  1  2  3  4  5 |
---------------+----------------+-----
Stealth        | 6 7 8 9 |  9.4
Dodging        | 2 3 |  3.3
Fighting       | 2 |  2.6
Short Blades   | 3 |  3.3
Slings         | |  0.4
Throwing       | |  2.4

Action                   |  1- 3 |  4- 6 || total
-------------------------+-------+-------++-------
Melee: Dagger            |   122 |   120 ||   242
 Fire: Hunting sling     |       |     3 ||     3
Throw: Dart              |     6 |    26 ||    32
       Stone             |       |     2 ||     2
 Stab: Sleeping          |    12 |    14 ||    26
Armor: Robe              |    20 |     5 ||    25
Dodge: Dodged            |    94 |    67 ||   161
